 Dungeon Crawl Stone Soup version 0.30.0-18-gc0e69614cb (webtiles) character file.

Game seed: 13101980295978232716

254005 McKennaii the Devastator (level 18, -12/135 HPs)
             Began as a Demigod Conjurer on May 25, 2023.
             Mangled by a +3 antimagic dire flail (16 damage)
             ... on level 1 of the Elven Halls.
             The game lasted 01:24:36 (51014 turns).

McKennaii the Devastator (Demigod Conjurer)        Turns: 51014, Time: 01:24:36

Health: -12/135    AC: 21    Str: 20    XL:     18   Next: 31%
Magic:  1/45       EV: 11    Int: 40    God:
Gold:   862        SH:  9    Dex: 12    Spells: 33/51 levels left

rFire   + . .        v - +4 dagger (drain)
rCold   . . .        U - +3 warlock's mirror {omnireflect}
rNeg    + . .        F - +2 ring mail {rC+}
rPois   +            Q - +2 helmet
rElec   .            u - +2 cloak {Will+}
rCorr   +            V - +1 pair of gloves {Str+3}
SInv    .            K - +1 pair of boots
Will    +++++        X - amulet of the Four Winds {rN+ Will+++ Clar}
Stlth   +            n - ring of resist corrosion
HPRegen 0.42/turn    D - ring "Noadont" {Fire rPois Str+5}
MPRegen 0.29/turn

%: reflection, clarity
@: about to teleport, studying Maces & Flails
A: high MP 1, forlorn, divine attributes
}: 2/15 runes: serpentine, barnacled
a: no special abilities


You were on level 1 of the Elven Halls.
You visited 7 branches of the dungeon, and saw 32 of its levels.
You also visited: Bailey.

You collected 3813 gold pieces.
You spent 2951 gold pieces at shops.

Inventory:

Hand Weapons
 v - a +4 dagger of draining (weapon)
Armour
 a - a +1 tower shield of reflection
 u - a +2 cloak of willpower (worn)
 E - a +2 kite shield of protection
 F - a +2 ring mail of cold resistance (worn)
 K - a +1 pair of boots (worn)
 Q - a +2 helmet (worn)
 U - the +3 warlock's mirror (worn) {omnireflect}
   (You bought it in a shop on level 2 of the Orcish Mines)

   Omnireflect: It can block and reflect piercing ranged attacks and magical
   attacks against the wielder's willpower.
 V - a +1 pair of gloves of strength (worn)
Magical Staves
 W - a staff of earth
Jewellery
 n - a ring of resist corrosion (left hand)
 q - an amulet of magic regeneration
 D - the ring "Noadont" (right hand) {Fire rPois Str+5}
   (You found it on level 6 of the Dungeon)

   [ring of fire]

   It enhances your fire magic.
   Str:       It affects your strength (+5).
   rF:        It protects you from fire.
   rC:        It makes you vulnerable to cold.
   rPois:     It protects you from poison.
 I - a ring of see invisible
 X - the amulet of the Four Winds (around neck) {rN+ Will+++ Clar}
   (You found it on level 2 of the Snake Pit)

   [amulet of nothing]

   rN:        It protects you from negative energy.
   Clar:      It protects you from confusion, rage, mesmerisation and fear.
   Will:      It greatly increases your willpower.
 Y - a ring of wizardry
Wands
 l - a wand of charming (4)
 A - a wand of iceblast (19)
 J - a wand of polymorph (10)
 L - a wand of light (9)
 O - a wand of digging (5)
 S - a wand of mindburst (9)
Scrolls
 c - 4 scrolls of blinking
 e - 11 scrolls of teleportation
 f - 7 scrolls of immolation
 h - 6 scrolls of torment
 i - 6 scrolls of fog
 o - 7 scrolls of poison
 s - 3 scrolls of silence
 t - 2 scrolls of magic mapping
 y - 3 scrolls of summoning
 B - 3 scrolls of fear
 C - 6 scrolls of amnesia
 G - 2 scrolls of brand weapon
 P - 3 scrolls of enchant weapon
 R - 3 scrolls of enchant armour
 Z - 3 scrolls of identify
Potions
 b - 4 potions of magic
 d - 6 potions of flight
 g - 2 potions of haste
 j - 9 potions of brilliance
 k - 8 potions of mutation
 m - 22 potions of curing
 p - 9 potions of attraction
 r - 5 potions of invisibility
 w - 4 potions of cancellation
 x - 10 potions of lignification
 z - 3 potions of might
 H - 6 potions of heal wounds
 M - 10 potions of ambrosia
 N - 2 potions of berserk rage
 T - 2 potions of resistance


   Skills:
 - Level 6.0 Fighting
 + Level 9.9 Armour
 - Level 1.7 Dodging
 - Level 1.7 Stealth
 + Level 10.0 Shields
 + Level 17.4 Spellcasting
 + Level 19.0 Conjurations
 - Level 12.0 Fire Magic
 + Level 0.0 Earth Magic


You had 33 spell levels left.
You knew the following spells:

 Your Spells              Type           Power      Damage    Failure   Level
a - Magic Dart            Conj           100%       1d8       0%          1
b - Searing Ray           Conj           100%       2d8       0%          2
c - Iskenderun's Mystic   Conj/Tloc      84%        2d17      1%          4
d - Fireball              Conj/Fire      63%        3d24      1%          5
e - Iron Shot             Conj/Erth      42%        9d8       4%          6

Your spell library contained the following spells:

 Spells                   Type           Power      Damage    Failure   Level
 Foxfire                  Conj/Fire      100%       2x1d9     0%          1
 Iskenderun's Battlesphe  Conj           100%       2d15      0%          5
 Apportation              Tloc           68%        N/A       1%          1
 Freeze                   Ice            100%       1d10      1%          1
 Necrotise                Necr           100%       1d9       1%          1
 Shock                    Conj/Air       100%       1d9       1%          1
 Summon Small Mammal      Summ           100%       N/A       1%          1
 Momentum Strike          Conj/Tloc      100%       3d10      1%          2
 Static Discharge         Conj/Air       100%       2-7/arc   1%          2
 Dazzling Flash           Conj/Hex       100%       N/A       1%          3
 Hailstorm                Conj/Ice       84%        3d17      1%          3
 Fulminant Prism          Conj/Hex       42%        3d19      1%          4
 Starburst                Conj/Fire      63%        6d17      1%          6
 Blink                    Tloc           68%        N/A       2%          2
 Lesser Beckoning         Tloc           68%        N/A       2%          2
 Sublimation of Blood     Necr           34%        N/A       2%          2
 Wereblood                Tmut           34%        N/A       2%          2
 Call Canine Familiar     Summ           34%        N/A       4%          3
 Frozen Ramparts          Ice            68%        1d11      4%          3
 Gell's Gravitas          Tloc           34%        N/A       4%          3
 Portal Projectile        Hex/Tloc       68%        N/A       4%          3
 Swiftness                Air            34%        N/A       4%          3
 Teleport Other           Tloc           34%        N/A       4%          3
 Tukima's Dance           Hex            34%        N/A       4%          3
 Airstrike                Air            17%        2d(3-19)  14%         4
 Anguish                  Hex/Necr       17%        N/A       14%         4
 Animate Dead             Necr           34%        N/A       14%         4
 Cause Fear               Hex            17%        N/A       14%         4
 Leda's Liquefaction      Hex/Erth       17%        N/A       14%         4
 Manifold Assault         Tloc           34%        N/A       14%         4
 Petrify                  Tmut/Erth      34%        N/A       14%         4
 Summon Lightning Spire   Summ/Air       34%        N/A       14%         4
 Plasma Beam              Fire/Air       45%        2x1d65    19%         6
 Spellforged Servitor     Conj/Summ      42%        N/A       26%         7
 Agony                    Necr           34%        N/A       38%         5
 Blade Hands              Tmut           17%        N/A       38%         5
 Borgnjor's Vile Clutch   Necr/Erth      17%        N/A       38%         5
 Lee's Rapid Deconstruct  Erth           17%        3d10*     38%         5
 Metabolic Englaciation   Hex/Ice        17%        N/A       38%         5
 Silence                  Hex/Air        17%        N/A       38%         5
 Death Channel            Necr           17%        N/A       92%         6
 Statue Form              Tmut/Erth      22%        N/A       92%         6
 Enfeeble                 Hex            17%        N/A       100%        7
 Malign Gateway           Summ/Tloc      17%        N/A       100%        7
 Storm Form               Tmut/Air       17%        N/A       100%        7
 Summon Hydra             Summ           17%        N/A       100%        7


Dungeon Overview and Level Annotations

Branches:
Dungeon (15/15)            Temple (0/1) D:5            Lair (5/5) D:11
 Shoals (4/4) Lair:3        Snake (4/4) Lair:3        Slime (0/5) Lair:4
    Orc (2/2) D:10            Elf (1/3) Orc:2        Vaults (0/5) D:14
 Depths (1/4) D:15         Bailey (visited)

Shops:
D:8 *   D:10 *   D:14 *   D:15 ??   Orc:2 [!!(   Snake:1 [   Snake:2 =:[

Portals:
Trove: D:11 (give 13 potions of heal wounds)

Annotations:
Snake:4 Roxanne
Depths:1 Asterion


Innate Abilities, Weirdness & Mutations

You have an increased reservoir of magic. (+10% MP)
You shall have no god before yourself.
Your divine heritage dramatically boosts your attributes as you level up.


Message History

The +3 antimagic dire flail hits you.
You feel your power leaking away.
The deep elf zephyrmancer points at you and mumbles some strange words.
The bolt of lightning hits you!!
You block the +3 antimagic dire flail's attack.
Unknown command.
The +3 antimagic dire flail attacks as you move away!
The +3 antimagic dire flail hits you!
You feel your power leaking away. The +3 antimagic dire flail hits you.
You feel your power leaking away. The +3 antimagic dire flail hits you!
You feel your power leaking away.
The +3 antimagic dire flail completely misses you.
There is an open door, spattered with blood here.
The +3 antimagic dire flail attacks as you move away!
The +3 antimagic dire flail hits you!!
* * * LOW HITPOINT WARNING * * *
Casting: Iskenderun's Mystic Blast (safe; 1% risk of failure)
Confirm with . or Enter, or press ? or * to list all spells.
You don't have enough magic to cast this spell.
Unknown command.
Unknown command.
Casting: Iskenderun's Mystic Blast (safe; 1% risk of failure)
Confirm with . or Enter, or press ? or * to list all spells.
You don't have enough magic to cast this spell.
Unknown command.
Casting: Iskenderun's Mystic Blast (safe; 1% risk of failure)
Confirm with . or Enter, or press ? or * to list all spells.
You don't have enough magic to cast this spell.
As you read the scroll of teleportation, it crumbles to dust.
You feel strangely unstable.
You block the +3 antimagic dire flail's attack.
The deep elf zephyrmancer points at you and mumbles some strange words.
The bolt of lightning hits the +3 antimagic dire flail.
The +3 antimagic dire flail completely resists.
The bolt of lightning hits you!!
* * * LOW HITPOINT WARNING * * *
The +3 antimagic dire flail hits you!
You die...

...#
##.###........######
..)# ### ##......##
##.# ##'##### .###
#.# ..## ###.# ...##
#...# #...## #.###
##...# #.# ###..##
#@# # #...# ##(## #
#⌠.># ##.e.## #
#...# ##.....##
###..## #......E#
##..=#
..........e..e..
#...##
...........####'#
...## ############
..##


You could see an earth elemental, a deep elf pyromancer, a deep elf zephyrmancer
and a +3 antimagic dire flail.

Vanquished Creatures
  The ghost of Hebraenue the Executioner, an adept MiBe of Trog (Snake:1)
  Jorgrun (Snake:2)
  Rupert (D:14)
  Mlioglotl (Snake:1)
  A titan (Shoals:4)
  Polyphemus (Shoals:2)
  A sphinx (D:12)
  Kirke (Snake:2)
  The ghost of Sar the Severer, an adept MeBe of Trog (Snake:1)
  Agnes (D:14)
  9 nagarajas
  A deep elf sorcerer (Elf:1)
  Aizul (Snake:1)
  A stone giant (D:15)
  2 deep elf demonologists (Elf:1)
  A deep elf death mage (Elf:1)
  5 merfolk javelineers
  7 merfolk impalers
  2 vault guards (D:14)
  2 alligator snapping turtles (Shoals:4)
  An ogre mage (D:15)
  5 hydras
  A salamander tyrant (Snake:2)
  3 catoblepae
  8 two-headed ogres
  6 centaur warriors
  A satyr (Shoals:3)
  14 anacondas
  2 boulder beetles
  5 merfolk aquamancers (Shoals:4)
  5 dancing weapons (Elf:1)
  19 death yaks
  A tengu warrior (D:13)
  Urug (Lair:2)
  19 naga warriors
  8 shock serpents
  An orc high priest (Orc:2)
  15 naga sharpshooters
  5 deep elf knights (Elf:1)
  2 salamander mystics
  5 skysharks
  22 sea snakes
  An obsidian statue (Snake:2)
  7 deep elf archers (Elf:1)
  A lindwurm (Lair:5)
  7 naga ritualists
  5 harpies (Shoals:3)
  13 deep elf pyromancers
  6 mana vipers
  A wizard (D:14)
  11 deep elf zephyrmancers (Elf:1)
  6 orc sorcerers (Orc:2)
  15 salamanders
  13 ugly things
  9 fauns
  10 cyclopes
  A salamander (shapeshifter) (D:13)
  An oklob plant (Lair:3)
  20 manticores
  13 elephants
  9 merfolk sirens
  16 naga magi
  9 guardian serpents
  44 black mambas
  3 gargoyles
  4 water nymphs
  2 torpor snails
  12 cane toads
  10 rime drakes
  2 efreet
  A rime drake (shapeshifter) (D:14)
  A freezing wraith (D:15)
  A yaktaur (D:11)
  13 komodo dragons
  A meliai (shapeshifter) (D:14)
  7 trolls
  26 merfolk
  A wolf spider simulacrum (D:15)
  A wind drake (shapeshifter) (Elf:1)
  A polar bear (Lair:1)
  A hornet (D:9)
  A queen bee (Lair:1)
  14 blink frogs
  11 wind drakes
  10 slime creatures
  13 dream sheep
  6 air elementals
  12 snapping turtles
  3 shadows
  51 yaks
  A vampire (D:13)
  4 wyverns
  23 water elementals
  2 wraiths
  2 fire elementals (Elf:1)
  5 basilisks
  8 humans
  3 vampire mosquitoes (D:11)
  2 steam dragons
  5 acid dragons
  51 nagas
  13 water moccasins
  21 orc warriors
  2 ice beasts (D:8)
  A black bear (D:4)
  3 boggarts (D:13)
  8 ogres
  10 centaurs
  2 wolves (Lair:5)
  2 phantoms
  14 kobold brigands
  2 gnoll sergeants
  4 scorpions
  13 bullfrogs
  5 earth elementals
  24 killer bees
  4 howler monkeys
  A bullfrog zombie (D:4)
  A gnoll bouda (D:6)
  26 orc priests
  14 iguanas
  A jelly (D:8)
  2 sleepcaps (D:5)
  30 orc wizards
  A hound zombie (D:4)
  16 gnolls
  9 adders
  2 river rats (D:11)
  A white imp (D:7)
  2 ufetubi (D:6)
  2 adder zombies (D:4)
  2 worms
  2 dart slugs
  64 orcs
  6 ball pythons
  7 endoplasms
  3 giant cockroaches
  17 goblins
  5 hobgoblins
  7 jackals
  24 kobolds
  6 quokkas
  6 bats
  4 frilled lizards
  7 rats
1118 creatures vanquished.

Vanquished Creatures (others)
  A vault guard (D:14)
  An ugly thing (D:13)
  4 humans
6 creatures vanquished.

Grand Total: 1124 creatures vanquished

Notes
Turn   | Place    | Note
-------+----------+-------------------------------------------
     0 | D:1      | McKennaii the Demigod Conjurer began the quest for the Orb.
     0 | D:1      | Reached XP level 1. HP: 14/14 MP: 5/5
   418 | D:1      | Reached XP level 2. HP: 20/20 MP: 4/7
   758 | D:1      | Reached skill level 4 in Conjurations
  1019 | D:2      | Learned a level 2 spell: Searing Ray
  1233 | D:2      | Reached XP level 3. HP: 26/26 MP: 0/9
  2323 | D:3      | Reached XP level 4. HP: 33/33 MP: 9/11
  3205 | D:4      | Reached XP level 5. HP: 38/38 MP: 3/13
  3470 | D:4      | Reached skill level 5 in Conjurations
  3760 | D:4      | Noticed a black bear
  3778 | D:4      | Killed a black bear
  3779 | D:4      | Reached XP level 6. HP: 34/45 MP: 3/15
  3907 | D:4      | Learned a level 4 spell: Iskenderun's Mystic Blast
  4302 | D:4      | Reached skill level 6 in Conjurations
  4577 | D:5      | Entered Level 5 of the Dungeon
  4749 | D:5      | Reached XP level 7. HP: 45/50 MP: 9/17
  4944 | D:5      | Reached skill level 5 in Spellcasting
  5948 | D:5      | Found a staircase to the Ecumenical Temple.
  6371 | D:6      | Reached skill level 7 in Conjurations
  6695 | D:6      | Identified the ring "Noadont" {Fire rPois Str+5}
  6852 | D:6      | Reached XP level 8. HP: 57/57 MP: 9/20
  6949 | D:6      | You fall into a shaft and drop 2 floors!
  6949 | D:8      | Found Tonooff's General Store.
  6951 | D:8      | Bought a potion of degeneration for 13 gold pieces
  7252 | D:7      | Found a flagged portal.
  7334 | Bailey   | Entered a bailey
  7434 | Bailey   | Reached skill level 8 in Conjurations
  8044 | Bailey   | Reached XP level 9. HP: 62/62 MP: 12/24
  8331 | D:7      | Reached skill level 9 in Conjurations
  9494 | D:6      | Learned a level 5 spell: Fireball
  9736 | D:8      | Reached skill level 10 in Conjurations
  9739 | D:8      | Reached skill level 1 in Fire Magic
 10755 | D:9      | Reached XP level 10. HP: 50/69 MP: 18/27
 10827 | D:9      | Noticed a two-headed ogre
 10843 | D:9      | Killed a two-headed ogre
 10844 | D:9      | Reached skill level 1 in Armour
 10962 | D:9      | Noticed a seven-headed hydra
 11264 | D:9      | Killed a seven-headed hydra
 11523 | D:10     | Entered Level 10 of the Dungeon
 11557 | D:10     | Found a staircase to the Orcish Mines.
 11563 | D:10     | Reached skill level 11 in Conjurations
 11583 | D:10     | Reached skill level 5 in Fire Magic
 11792 | D:10     | Noticed a centaur warrior
 12081 | D:10     | Killed a centaur warrior
 12082 | D:10     | Reached skill level 10 in Spellcasting
 12082 | D:10     | Reached XP level 11. HP: 74/74 MP: 19/29
 12261 | D:10     | Found Ycvako's Assorted Antiques.
 12264 | D:10     | Bought a fizzy amethyst potion for 20 gold pieces
 12264 | D:10     | Bought a blue potion for 20 gold pieces
 12264 | D:10     | Bought 2 fizzy amethyst potions for 41 gold pieces
 12264 | D:10     | Bought a scroll of blinking for 172 gold pieces
 12264 | D:10     | Bought a scroll labelled IZOUJA JACIOV for 23 gold pieces
 12737 | D:11     | Noticed a death yak
 12745 | D:11     | Noticed a death yak
 12747 | D:11     | Killed a death yak
 12958 | D:11     | Found a staircase to the Lair.
 12958 | D:11     | Noticed a death yak
 12974 | D:11     | Killed a death yak
 12976 | D:11     | Killed a death yak
 13332 | D:11     | Reached skill level 12 in Conjurations
 13403 | D:11     | Identified the +0 scale mail "Tieh" {*Corrode rPois Str+4}
 13542 | D:11     | Found a portal to a secret trove of treasure.
 13912 | Lair:1   | Entered Level 1 of the Lair of Beasts
 14168 | Lair:1   | Reached XP level 12. HP: 56/81 MP: 10/31
 14239 | Lair:1   | Noticed a catoblepas
 14245 | Lair:1   | Killed a catoblepas
 15476 | D:8      | Bought a potion of magic for 104 gold pieces
 15476 | D:8      | Bought 2 potions of mutation for 208 gold pieces
 15692 | Lair:2   | Noticed a six-headed hydra
 15745 | Lair:2   | Reached skill level 13 in Conjurations
 15750 | Lair:2   | Killed a six-headed hydra
 15876 | Lair:2   | Got the Volume of the Singularity
 15889 | Lair:2   | Noticed Urug
 15893 | Lair:2   | Killed Urug
 16035 | Lair:2   | Noticed a boulder beetle
 16047 | Lair:2   | Killed a boulder beetle
 17192 | Lair:3   | Reached XP level 13. HP: 86/86 MP: 16/34
 17482 | Lair:3   | Reached skill level 10 in Fire Magic
 17576 | Lair:3   | Reached skill level 14 in Conjurations
 17641 | Lair:3   | Found a staircase to the Snake Pit.
 17693 | Lair:3   | Found a staircase to the Shoals.
 17982 | Lair:4   | Found a staircase to the Slime Pits.
 18895 | Lair:5   | Entered Level 5 of the Lair of Beasts
 20023 | Lair:5   | Reached XP level 14. HP: 93/93 MP: 21/36
 20351 | Lair:5   | Reached skill level 15 in Conjurations
 22030 | D:12     | Noticed a sphinx
 22037 | D:12     | Killed a sphinx
 23410 | D:15     | Entered Level 15 of the Dungeon
 23477 | D:14     | Noticed Agnes
 23497 | D:14     | Killed Agnes
 24318 | D:14     | Identified the +8 arbalest "Killer Bee's Foe" {antimagic,
                  | rF++}
 24497 | D:14     | Noticed Rupert
 24501 | D:14     | Killed Rupert
 24502 | D:14     | Found Focretia's Assorted Antiques.
 24507 | D:14     | Bought a potion of curing for 93 gold pieces
 24507 | D:14     | Bought an inky potion for 27 gold pieces
 24553 | D:14     | Found a gate to the Vaults.
 24695 | D:14     | Reached skill level 16 in Conjurations
 24802 | D:14     | HP: 2/93 [vault guard/bolt (7)]
 25672 | D:15     | Found Makusm's Magic Scroll Shoppe.
 25678 | D:15     | Bought a scroll of enchant armour for 127 gold pieces
 25678 | D:15     | Bought a scroll of enchant armour for 127 gold pieces
 25687 | D:15     | Found a staircase to the Depths.
 25827 | D:15     | Found Tanefrea's Magic Scroll Shop.
 25836 | D:15     | Bought a scroll of teleportation for 45 gold pieces
 25856 | D:15     | Identified the +1 ring mail "Goamo" {-Tele rF+ rC++ Stlth+}
 25907 | D:15     | Reached skill level 1 in Fighting
 25907 | D:15     | Reached XP level 15. HP: 102/102 MP: 29/39
 26591 | Depths:1 | Entered Level 1 of the Depths
 26591 | Depths:1 | Noticed Asterion
 26593 | Depths:1 | HP: 1/103 [white ugly thing (18)]
 27180 | D:14     | Reached skill level 15 in Spellcasting
 27464 | Orc:1    | Entered Level 1 of the Orcish Mines
 27946 | Orc:2    | Entered Level 2 of the Orcish Mines
 28197 | Orc:2    | Found a staircase to the Elven Halls.
 28920 | Orc:2    | Found Carrirax's Weapon Shoppe.
 28920 | Orc:2    | Found Pastacot's Distillery.
 28921 | Orc:2    | Found Aneidips's Armour Emporium.
 28925 | Orc:2    | Found Hyheud's Distillery.
 28929 | Orc:2    | Bought a potion of curing for 39 gold pieces
 28929 | Orc:2    | Bought a potion of ambrosia for 104 gold pieces
 28929 | Orc:2    | Bought a potion of ambrosia for 104 gold pieces
 28930 | Orc:2    | Bought the +3 warlock's mirror {omnireflect} for 680 gold
                  | pieces
 28930 | Orc:2    | Found the +3 warlock's mirror {omnireflect}
 28931 | Orc:2    | Bought a potion of magic for 112 gold pieces
 28931 | Orc:2    | Bought a potion of ambrosia for 112 gold pieces
 28931 | Orc:2    | Bought a potion of curing for 42 gold pieces
 28931 | Orc:2    | Bought a potion of curing for 42 gold pieces
 28931 | Orc:2    | Bought a potion of mutation for 112 gold pieces
 28931 | Orc:2    | Bought a potion of curing for 42 gold pieces
 28931 | Orc:2    | Bought a potion of resistance for 140 gold pieces
 29210 | Snake:1  | Entered Level 1 of the Snake Pit
 29211 | Snake:1  | Noticed Aizul
 29217 | Snake:1  | Killed Aizul
 29293 | Snake:1  | HP: 5/107 [shock serpent (14)]
 29716 | Snake:1  | Reached skill level 1 in Shields
 29825 | Snake:1  | Found a runed translucent gate.
 29825 | Snake:1  | Found a runed translucent gate.
 29827 | Snake:1  | Found a runed translucent gate.
 29828 | Snake:1  | Noticed Sar's ghost (adept MeBe)
 29828 | Snake:1  | Noticed Hebraenue's ghost (adept MiBe)
 30004 | Snake:1  | Noticed Mlioglotl
 30015 | Snake:1  | Killed Mlioglotl
 30186 | Snake:1  | Found Kebijide's Antique Armour Shop.
 30191 | Snake:1  | Bought a pair of runed gloves for 150 gold pieces
 30770 | Snake:2  | Noticed a nagaraja
 30773 | Snake:2  | Killed a nagaraja
 30858 | Snake:2  | Reached skill level 17 in Conjurations
 30861 | Snake:2  | Noticed Kirke
 30864 | Snake:2  | Killed Kirke
 30968 | Snake:2  | Reached skill level 5 in Fighting
 31441 | Snake:2  | Found Xismoabo's Antique Armour Boutique.
 31443 | Snake:2  | Found Yrepp's Book Shop.
 31446 | Snake:2  | Found Jym Juli's Jewellery Boutique.
 31482 | Snake:2  | Found the amulet of the Four Winds {rN+ Will+++ Clar}
 31483 | Snake:2  | Found a transporter.
 31489 | Snake:2  | Noticed Jorgrun
 31500 | Snake:2  | Killed Jorgrun
 31820 | Snake:2  | Reached XP level 16. HP: 107/121 MP: 19/41
 32002 | Snake:2  | Found a transporter.
 32421 | Snake:2  | Identified the scarf "Ruisch" {shadows, Rampage +Inv}
 32441 | Snake:2  | Identified the ring of Gaohosom {Ice rPois Will- Dex+3}
 33008 | Snake:3  | Reached skill level 5 in Shields
 33193 | Snake:3  | Reached skill level 5 in Armour
 35380 | Snake:4  | Entered Level 4 of the Snake Pit
 38355 | Snake:4  | Reached skill level 18 in Conjurations
 38462 | Snake:4  | Reached XP level 17. HP: 128/128 MP: 28/43
 38527 | Snake:4  | Got a serpentine rune of Zot
 38980 | Snake:4  | Identified Roxanne's Meditations on Forms
 38980 | Snake:4  | Noticed Roxanne
 39608 | Snake:2  | Bought a pitted scale mail for 252 gold pieces
 39608 | Snake:2  | Identified the +0 scale mail of Quantum Leap {rF+ Dex+3
                  | Stlth+} (You bought it in a shop on level 2 of the Snake
                  | Pit)
 39821 | Shoals:1 | Entered Level 1 of the Shoals
 42001 | Shoals:2 | Noticed Polyphemus
 42316 | Shoals:2 | Killed Polyphemus
 44546 | Shoals:4 | Entered Level 4 of the Shoals
 44566 | Shoals:4 | Paralysed by an air elemental for 1 turns
 45262 | Shoals:4 | Paralysed by an air elemental for 1 turns
 47188 | Shoals:4 | Noticed a titan
 47193 | Shoals:4 | Killed a titan
 47312 | Shoals:4 | Learned a level 6 spell: Iron Shot
 47317 | Shoals:4 | Got a barnacled rune of Zot
 48422 | Snake:1  | Killed Sar's ghost
 48770 | Snake:1  | Killed Hebraenue's ghost
 48771 | Snake:1  | Reached XP level 18. HP: 123/128 MP: 8/45
 48995 | Elf:1    | Entered Level 1 of the Elven Halls
 49125 | Elf:1    | Paralysed by an air elemental for 1 turns
 50059 | Elf:1    | Reached skill level 19 in Conjurations
 50313 | Elf:1    | Reached skill level 10 in Shields
 51014 | Elf:1    | HP: 4/135 [deep elf zephyrmancer/bolt of lightning (35)]
 51014 | Elf:1    | Mangled by a +3 antimagic dire flail

Illustrated notes

Levels and vault maps discovered:
D:1:      dpeg_arrival_boxes_within_box, layout_loops_ring
D:2:      layout_loops_ring, minmay_tromino_mix6
D:3:      layout_basic
D:4:      layout_loops_cross, nicolae_yredelemnul_corpse_copse,
          hangedman_abyss_or_decor_passed, minmay_increasing_density
D:5:      layout_basic, minmay_temple_entry_from_below_a,
          nicolae_figureground_sparkle
D:6:      layout_basic, lightli_temple_of_fire
D:7:      layout_basic, lightli_bailey_entry_fortress
D:8:      layout_loops_ring, mainiacjoe_overflow_surrounded_room, serial_shops,
          nicolae_stop_n_shop_2, minivault_25
D:9:      layout_rooms, hangedman_abyss_or_decor_jellyfish_corner
D:10:     layout_irregular_city, kennysheep_orc_monster_closet_entryway,
          serial_shops, kennysheep_mini_moat
D:11:     layout_roguey, dpeg_lair_monsters, enter_trove_1, minmay_checkerbox
D:12:     layout_rooms, chequers_mini_garden, minmay_three_doors
D:13:     layout_loops_cross, tso_metal_star
D:14:     minmay_stone_box, layout_loops_ring, ximxim_vaults_locker_room,
          serial_shops, shop, hangedman_decor_growths, fiery_altar_vehumet,
          uniq_rupert, uniq_agnes
D:15:     grunt_enter_depths_giant_problem, layout_gridville, serial_shops,
          shop, shop, hangedman_decor_clover_reticule
Lair:1:   layout_layer_cave, special_room [special_room_bee]
Lair:2:   beast_lair_carwin_large_3, layout_regular_city, uniq_urug
Lair:3:   layout_hall_layers, minmay_shoals_entry_hut,
          minmay_snake_entry_guardpost_small, chequers_serial_rivers_micro_e,
          minmay_lair_oklob_items, chequers_serial_rivers_marsh,
          cheibrodos_lair_reptile_den
Lair:4:   layout_long_grid, slime_entry_1, serial_forest,
          infiniplex_forest_lined_2, infiniplex_forest_end_3,
          infiniplex_forest_side_room, infiniplex_forest_clump_double,
          infiniplex_forest_clump_medium
Lair:5:   hangedman_lair_in_review, layout_gridlike, basic_altar,
          minmay_lair_drake_nest, serial_bayou_shore_b
Shoals:1: layout_shoals, lemuel_centaur_altar
Shoals:2: layout_shoals, uniq_polyphemus
Shoals:3: layout_shoals
Shoals:4: shoals_end_hellmonk_storm_palace [storm_palace_center_ruins,
          storm_palace_corner_pillars, storm_palace_corner_altar,
          storm_palace_corner_reverse_hut, storm_palace_corner_pillars]
Snake:1:  layout_misc_corridors, gammafunk_ghost_cemetery, serial_shops, shop,
          special_room, serial_bayou_shore_b, uniq_aizul, uniq_mlioglotl
Snake:2:  gammafunk_sealed_arena, layout_misc_corridors, grunt_ministairs_10,
          serial_bayou_shore_b, minmay_shop_star, uniq_kirke, uniq_jorgrun
Snake:3:  layout_layer_cave, basic_altar, grunt_megastairs_4
Snake:4:  grunt_snake_rune_pools, layout_onion, uniq_roxanne
Orc:1:    layout_caves, mines2_lemuel
Orc:2:    st_orc_mages, layout_diamond_mine, nicolae_orc_damp_corner
Elf:1:    layout_gridlike, hangedman_elf_represent, grunt_megastairs_5
Depths:1: layout_cave_pools, kennysheep_donut, hell_entry,
          minmay_room_of_horrors, gammafunk_ghost_arena,
          kennysheep_generic_room_15, uniq_nikola, uniq_asterion

Skill      XL: |  1  2  3  4  5  6  7  8  9 10 11 12 13 14 15 16 17 18 |
---------------+-------------------------------------------------------+-----
Spellcasting   | 2 3 4 6 7 9 10 11 12 13 14 15 16 17 | 17.4
Conjurations   | 4 5 6 7 8 10 11 12 13 14 16 17 18 19 | 19.0
Fire Magic     | 2 5 7 9 11 12 | 12.0
Armour         | 2 4 7 9 |  9.9
Fighting       | 1 5 6 |  6.0
Shields        | 4 7 9 10 | 10.0
Dodging        | |  1.7
Stealth        | |  1.7

Action                     |  1- 3 |  4- 6 |  7- 9 | 10-12 | 13-15 | 16-18 || total
---------------------------+-------+-------+-------+-------+-------+-------++-------
  Melee: Unarmed           |    19 |     2 |       |       |       |       ||    21
         Dagger            |       |    18 |    26 |    29 |    13 |    24 ||   110
         Punch             |       |       |     1 |       |       |       ||     1
   Cast: Magic Dart        |    96 |    80 |   150 |    60 |    41 |       ||   427
         Searing Ray       |     4 |    18 |    78 |    25 |    17 |    34 ||   176
         Iskenderun's Myst |       |       |    28 |    62 |   151 |   151 ||   392
         Fireball          |       |       |       |   152 |   469 |   560 ||  1181
         Iron Shot         |       |       |       |       |       |    19 ||    19
  Evoke: Wand              |       |       |     1 |     1 |     2 |    13 ||    17
    Use: Scroll            |       |       |    11 |     2 |    15 |    10 ||    38
         Potion            |       |       |     1 |       |     2 |       ||     3
 Armour: Robe              |     6 |     6 |     9 |       |       |       ||    21
         Acid dragon scale |       |       |     1 |     2 |       |       ||     3
         Steam dragon scal |       |       |       |    16 |    48 |       ||    64
         Ring mail         |       |       |       |       |    19 |    85 ||   104
  Dodge: Dodged            |    27 |    57 |   116 |    74 |    99 |    84 ||   457
  Block: Buckler           |       |       |       |       |    31 |   124 ||   155
         Reflection        |       |       |       |       |    12 |    59 ||    71
